 Dungeon Crawl Stone Soup version 0.25-a0-578-gc91f01c39c (webtiles) character file.

Game seed: 11495753191279154254, levelgen mode: deterministic

49 Amnesiac the Chucker (level 3, 0/39 HPs)
             Began as an Ogre Hunter on Mar 7, 2020.
             Slain by a bat (1 damage)
             ... on level 2 of the Dungeon.
             The game lasted 00:01:35 (1030 turns).

Amnesiac the Chucker (Ogre Hunter)                  Turns: 1030, Time: 00:01:35

Health: 0/39       AC:  3    Str: 17    XL:     3   Next: 75%
Magic:  3/3        EV: 10    Int: 12    God:
Gold:   32         SH:  0    Dex:  9    Spells: 2/2 levels left

rFire    . . .     SeeInvis .   a - +0 short sword
rCold    . . .     Gourm    .   (no shield)
rNeg     . . .     Faith    .   b - +0 robe
rPois    .         Spirit   .   (helmet restricted)
rElec    .         Reflect  .   (no cloak)
rCorr    .         Harm     .   (gloves unavailable)
MR       .....                  (boots unavailable)
Stlth    +.........             (no amulet)
HPRegen  0.13/turn              (no ring)
MPRegen  0.08/turn              (no ring)

@: lethally poisoned (0 -> -1), flying (expiring)
A: large, unfitting armour, tough skin 1
a: no special abilities


You were on level 2 of the Dungeon.
You were hungry.

You visited 1 branch of the dungeon, and saw 2 of its levels.

You collected 32 gold pieces.

Inventory:

Hand Weapons
 a - a +0 short sword (weapon)
Missiles
 c - 4 large rocks (quivered)
 e - 99 stones
 k - 20 sling bullets
Armour
 b - a +0 robe (worn)
Jewellery
 i - an uncursed ring of protection from cold {unknown}
Scrolls
 j - a scroll of remove curse {!r, unknown}
 l - 3 scrolls of immolation {!r, unknown}
 m - a scroll of identify {!r, unknown}
Comestibles
 f - 2 rations
 g - 14 chunks of flesh


   Skills:
 + Level 3.9 Fighting
 - Level 4.8 Throwing
 - Level 1.7 Dodging
 - Level 0.6 Stealth


You had 2 spell levels left.
You didn't know any spells.
Your spell library was empty.

Dungeon Overview and Level Annotations

Branches:
Dungeon (2/15)

Altars:


Innate Abilities, Weirdness & Mutations

You are too large for most types of armour.
You have tough skin. (AC +1)


Message History

The adder bites you.
* * * LOW HITPOINT WARNING * * *
You are more poisoned.
The adder poisons you!
Throwing (i - inventory. (/) - cycle)
c - 5 large rocks (quivered)
Press: ? - help, Shift-Dir - straight line, f/p - adder
Aim: an adder You throw a large rock.
The large rock hits the adder.
The adder is heavily wounded.
You feel sick. The adder bites you.
* * * LOW HITPOINT WARNING * * *
You are lethally poisoned!
The adder poisons you! The adder barely misses you.
Quiver which item? (- for none, * to show all) (? for menu, Esc to quit)
Quivering
d - 2 throwing nets for throwing.
Throwing (i - inventory. (/) - cycle)
d - 2 throwing nets (quivered)
Press: ? - help, Shift-Dir - straight line, f/p - adder
Aim: an adder (heavily wounded)
You throw a throwing net. The throwing net hits the adder.
The adder is caught in the net!
The adder is heavily wounded.
The adder struggles against the net.
You aren't carrying any potions.
You aren't carrying any potions.
Unknown command.
You hit the adder.
The adder is almost dead.
* * * LOW HITPOINT WARNING * * *
You feel sick.
The adder struggles against the net.
You hit the adder.
You kill the adder!
* * * LOW HITPOINT WARNING * * *
You feel sick.
* * * LOW HITPOINT WARNING * * *
You feel sick.
You are feeling hungry.
* * * LOW HITPOINT WARNING * * *
You feel sick.
Some of the chunks of flesh in your inventory have rotted away.
Found 5 gold pieces.
A bat comes into view.
The bat moves out of view.
Found a spear.
* * * LOW HITPOINT WARNING * * *
You feel sick.
Found a scroll labeled TOTWAL JOKUM.
A hobgoblin comes into view.
The bat hits you but does no damage.
* * * LOW HITPOINT WARNING * * *
You feel sick. The bat barely misses you.
Quiver which item? (- for none, * to show all) (? for menu, Esc to quit)
Quivering
d - a throwing net for throwing.
Throwing (i - inventory. (/) - cycle)
d - a throwing net (quivered)
Press: ? - help, Shift-Dir - straight line, f - bat
Aim: a bat You throw a throwing net.
The throwing net hits the bat.
The bat is caught in the net!
The bat struggles against the net. x2
You hit the bat but do no damage.
The bat struggles against the net.
The net rips apart, and the bat comes free!
The bat hits you but does no damage.
You are starting to lose your buoyancy.
* * * LOW HITPOINT WARNING * * *
You feel sick. The bat hits you.
You die...

##.. ..###.. #.
##.##....#.### .
##.#.....#...#.### .
.....###.....#...#..
##รท#..(#.###.. ..#?
...#.#)#(..#.###..
.###.#.....#...#.###
## #.##........#...#
# #.###.###.#..@..#
#.# #.# #.#.b##...#
#.. ... ..#.## #.#
#.........#....g# #
###.##.##........
.##.##..).....
..$........... ..
#.....#.# ######. .


You could see a bat.

Vanquished Creatures
  An adder (D:2)
  3 dart slugs (D:1)
  3 leopard geckos (D:1)
  A ball python (D:1)
  4 bats
  4 goblins
  2 hobgoblins
  4 jackals (D:2)
  7 rats
29 creatures vanquished.

Notes
Turn   | Place    | Note
-------+----------+-------------------------------------------
     0 | D:1      | Amnesiac the Ogre Hunter began the quest for the Orb.
     0 | D:1      | Reached XP level 1. HP: 22/22 MP: 1/1
    99 | D:1      | Reached XP level 2. HP: 31/31 MP: 2/2
   666 | D:1      | Reached XP level 3. HP: 36/37 MP: 3/3
  1030 | D:2      | HP: 1/39 [poisoned by an adder]
  1030 | D:2      | Slain by a bat

Levels and vault maps discovered:
D:1:      dpeg_arrival_tiny_a, layout_basic
D:2:      layout_loops_corners, amethyst_overflow_temple_binary, first_ration,
          hangedman_decor_points

Skill      XL: |  1 |
---------------+----+-----
Fighting       | 3 |  3.9
Throwing       | |  4.8
Dodging        | |  1.7
Stealth        | |  0.6

Action                   || total
-------------------------++-------
Melee: Short sword       ||   102
Throw: Dart              ||     3
       Throwing net      ||     2
       Large rock        ||     1
  Use: Potion            ||     2
 Stab: Sleeping          ||     2
Armor: Robe              ||    34
Dodge: Dodged            ||    72

Table legend:
 A = Non-vault XP
 B = Vault XP
 C = Vault XP percentage of total XP
 D = Non-vault monster count
 E = Vault monster count
 F = Vault count percentage of total count
                 A         B        C        D         E       F
            +---------+---------+-------+---------+---------+-------
      Total |      70 |       0 |   0.0 |      29 |       0 |   0.0
            +---------+---------+-------+---------+---------+-------
        D:1 |      40 |       0 |   0.0 |      19 |       0 |   0.0
        D:2 |      30 |       0 |   0.0 |      10 |       0 |   0.0
            +---------+---------+-------+---------+---------+-------
